 Dungeon Crawl Stone Soup version 0.30-a0-782-ge64f9170bb (webtiles) character file.

Game seed: 18377475644817964539

95 Crownlay the Digger (level 4, -1/24 HPs)
             Began as a Gargoyle Earth Elementalist on Mar 8, 2023.
             Slain by a gnoll
             ... wielding a +0 spear
              (6 damage)
             ... on level 2 of the Dungeon.
             The game lasted 00:02:12 (2059 turns).

Crownlay the Digger (Gargoyle Earth Elementalist)   Turns: 2059, Time: 00:02:12

Health: -1/24      AC:  6    Str: 11    XL:     4   Next: 66%
Magic:  0/9        EV: 11    Int: 18    God:
Gold:   87         SH:  0    Dex: 10    Spells: 6/10 levels left

rFire   . . .      SeeInvis .    f - +0 dagger
rCold   . . .      Faith    .    (no shield)
rNeg    + . .      Spirit   .    a - +0 robe
rPois   ∞          Reflect  .    (no helmet)
rElec   +          Harm     .    (no cloak)
rCorr   .          Rampage  .    (no gloves)
Will    .....                    e - +0 pair of boots
Stlth   ++                       (no amulet)
HPRegen 0.24/turn                (no ring)
MPRegen 0.11/turn                (no ring)

@: no status effects
A: sickness immunity, AC +3, negative energy resistance 1, electricity
resistance, torment resistance 1, petrification resistance
a: no special abilities


You were on level 2 of the Dungeon.
You visited 1 branch of the dungeon, and saw 3 of its levels.

You collected 87 gold pieces.

Inventory:

Hand Weapons
 f - a +0 dagger (weapon)
Armour
 a - a +0 robe (worn)
 e - a +0 pair of boots (worn)
Jewellery
 r - a +6 ring of intelligence
Scrolls
 d - 3 scrolls of teleportation {unknown}
 h - 3 scrolls of identify {unknown}
 i - a scroll of vulnerability {unknown}
 j - 2 scrolls of poison {unknown}
 m - a scroll of immolation {unknown}
 p - a scroll of fog {unknown}
Potions
 b - a potion of magic
 c - a potion of curing {unknown}
 g - a potion of haste {unknown}
 k - 2 potions of invisibility {unknown}
 l - 2 potions of berserk rage {unknown}
 n - a potion of mutation {unknown}
 o - a potion of flight {unknown}
 q - a potion of lignification {unknown}


   Skills:
 - Level 1.5 Dodging
 - Level 2.1 Stealth
 * Level 3.8 Spellcasting
 - Level 0.7 Transmutations
 + Level 4.6 Earth Magic


You had 6 spell levels left.
You knew the following spells:

 Your Spells              Type           Power      Damage    Failure   Level
a - Sandblast             Erth           40%        2d10      2%          1
b - Stone Arrow           Conj/Erth      22%        3d8       17%         3

Your spell library contained the following spells:

 Spells                   Type           Power      Damage    Failure   Level
 Passwall                 Tmut/Erth      10%        N/A       8%          2
 Petrify                  Tmut/Erth      13%        N/A       45%         4


Dungeon Overview and Level Annotations

Branches:
Dungeon (3/15)

Altars:

Shops:
D:1 [


Innate Abilities, Weirdness & Mutations

You are immune to sickness and miasma.
Your stone body is resilient. (AC +3)
You are immune to poison.
You resist negative energy. (rN+)
You are resistant to electric shocks. (rElec)
You are resistant to unholy torment.
You are immune to petrification.


Message History

The jackal bites you.
A gnoll comes into view. It is wielding a +0 flail.
A gnoll comes into view. It is wielding a +0 spear.
The blast of sand hits the jackal!
You kill the jackal!
The blast of sand hits the gnoll!
You kill the gnoll!
The blast of sand hits the gnoll.
The gnoll is heavily wounded.
The blast of sand hits the gnoll.
The gnoll is severely wounded.
The gnoll hits you with a +0 whip.
The gnoll hits you but does no damage. x2
You are out of magic!
You are out of magic!
You are out of magic!
The gnoll attacks as you move away! The gnoll hits you with a +0 whip.
You hit the gnoll.
The gnoll is severely wounded.
The gnoll hits you but does no damage.
The gnoll hits you from afar with a +0 spear.
You barely miss the gnoll.
The gnoll is severely wounded.
The gnoll completely misses you. The gnoll misses you.
You hit the gnoll.
The gnoll is severely wounded.
The gnoll hits you with a +0 whip. The gnoll closely misses you.
You hit the gnoll but do no damage.
The gnoll is severely wounded.
The gnoll hits you with a +0 whip!
* * * LOW HITPOINT WARNING * * *
The gnoll completely misses you.
Casting: Sandblast (safe; 2% risk of failure)
Confirm with . or Enter, or press ? or * to list all spells.
Aiming: Sandblast (safe; 2% risk of failure)
Press: ? - help, Shift-Dir - straight line, f/p - gnoll
Aim: a gnoll, wielding a +0 whip (severely wounded, 85% to hit)
The blast of sand hits the gnoll!
You kill the gnoll!
The gnoll hits you from afar with a +0 spear.
You die...

# #### #.. #..
.... #.# ....
#####.####.†##.#
#....@)gg)†....#
#.###.####..####
#.# #.......###
#.# #.........
####.######.....##
#......# #.....#
#.##.#.# #.....#
#.##.#.# #.....#
#.#..#.# #.....#


You could see 2 gnolls.

Vanquished Creatures
  2 adders (D:2)
  2 gnolls (D:2)
  A worm (D:2)
  A dart slug (D:2)
  2 endoplasms
  4 goblins
  4 hobgoblins
  10 jackals (D:2)
  3 kobolds
  3 quokkas
  7 ball pythons
  7 bats
  11 frilled lizards
  3 rats
60 creatures vanquished.

Notes
Turn   | Place    | Note
-------+----------+-------------------------------------------
     0 | D:1      | Crownlay the Gargoyle Earth Elementalist began the quest
                  | for the Orb.
     0 | D:1      | Reached XP level 1. HP: 10/10 MP: 3/3
   375 | D:1      | Reached XP level 2. HP: 15/15 MP: 3/5
   473 | D:1      | Reached skill level 4 in Earth Magic
   553 | D:1      | Found Olum Owi's Antique Armour Shoppe.
   949 | D:1      | Reached XP level 3. HP: 19/19 MP: 4/7
  1465 | D:2      | Reached XP level 4. HP: 24/24 MP: 1/9
  1948 | D:2      | You fall into a shaft and drop 1 floor!
  1957 | D:3      | Learned a level 3 spell: Stone Arrow
  2040 | D:2      | Identified the amulet of Understanding {Spirit Harm rPois
                  | SInv}
  2059 | D:2      | Slain by a gnoll

Illustrated notes

Levels and vault maps discovered:
D:1:      minmay_arrival_stair_chambers, layout_loops_corners, serial_shops,
          shop, grunt_decor_arrowhead, minmay_lizard_pond
D:2:      layout_loops_cross, minmay_cut_off
D:3:      layout_basic, minivault_23, uniq_ijyb, uniq_grinder

Skill      XL: |  1  2  3 |
---------------+----------+-----
Earth Magic    | 4 |  4.6
Spellcasting   | 3 |  3.8
Dodging        | |  1.5
Stealth        | |  2.1
Transmutations | |  0.7

Action                     |  1- 3 |  4- 6 || total
---------------------------+-------+-------++-------
  Melee: Dagger            |    27 |     4 ||    31
   Cast: Sandblast         |    47 |    25 ||    72
 Armour: Robe              |    23 |     3 ||    26
  Dodge: Dodged            |    28 |     9 ||    37

Table legend: (Time is in decaauts)
 A = Elapsed time spent in this place.
 B = Non-inter-level travel time spent in this place.
 C = Inter-level travel time spent in this place.
 D = Time resting spent in this place.
 E = Time spent auto-exploring this place.
 F = Levels seen in this place.
 G = Mean time per level.
                   A        B        C        D        E       F      G
               +--------+--------+--------+--------+--------+-----+--------+
         Total |   2094 |   2077 |     17 |      0 |   1769 |   3 |  698.0 |
       Dungeon |   2094 |   2077 |     17 |      0 |   1769 |   3 |  698.0 |
               +--------+--------+--------+--------+--------+-----+--------+

Top non-repeatable levels by time:
     D:1: 1163 daAuts
     D:2: 906 daAuts
     D:3: 23 daAuts
